 Dungeon Crawl Stone Soup version 0.31.0-9-g3a7656b989 (webtiles) character file.

Game seed: 14704811066699963059

43 Couri the Trooper (level 3, -6/39 HPs)
             Began as an Oni Warper on Feb 5, 2024.
             Mangled by a mummy (15 damage)
             ... in an ossuary.
             The game lasted 00:02:30 (1217 turns).

Couri the Trooper (Oni Warper)                      Turns: 1217, Time: 00:02:30

Health: -6/39      AC:  3    Str: 17    XL:     3   Next: 58%
Magic:  6/6        EV:  9    Int: 14    God:
Gold:   14         SH:  0    Dex:  8    Spells: 6/6 levels left

rFire   . . .        a - +0 mace
rCold   . . .        (no shield)
rNeg    . . .        b - +0 robe
rPois   .            (helmet restricted)
rElec   .            (no cloak)
rCorr   .            (gloves unavailable)
SInv    .            (boots unavailable)
Will    .....        (no amulet)
Stlth   +            (no ring)
HPRegen 0.26/turn    (no ring)
MPRegen 0.10/turn

%: no passive effects
@: no status effects
A: large, unfitting armour, horns 1, tough skin 1, double potion healing,
drunken brawling
a: no special abilities


You were in an ossuary.
You visited 1 branch of the dungeon, and saw 3 of its levels.
You also visited: Ossuary.

You collected 14 gold pieces.

Inventory:

Hand Weapons
 a - a +0 mace (weapon)
Missiles
 d - 7 darts of dispersal (quivered)
Armour
 b - a +0 robe (worn)
Scrolls
 c - a scroll of blinking
 e - a scroll of poison {unknown}
 f - 3 scrolls of identify {unknown}
 g - 2 scrolls of enchant weapon {unknown}
 i - a scroll of fear {unknown}
Potions
 h - a potion of magic {unknown}
 j - a potion of curing {unknown}
 k - a potion of resistance {unknown}
 l - a potion of haste {unknown}


   Skills:
 * Level 3.8 Fighting
 * Level 2.8 Maces & Flails
 - Level 1.0 Throwing
 + Level 1.0 Armour
 - Level 2.1 Dodging
 - Level 2.4 Spellcasting
 - Level 2.6 Translocations


You had 6 spell levels left.
You didn't know any spells.
Your spell library contained the following spells:

 Spells                   Type           Power      Damage    Failure   Level
 Blink                    Tloc           18%        N/A       12%         2
 Lesser Beckoning         Tloc           18%        N/A       12%         2
 Teleport Other           Tloc           9%         N/A       22%         3
 Manifold Assault         Tloc           9%         N/A       58%         4
 Vhi's Electric Charge    Tloc/Air       10%        N/A       78%         4


Dungeon Overview and Level Annotations

Branches:
Dungeon (4/15)            Ossuary (1/1)
 Temple: D:4-7

Altars:


Innate Abilities, Weirdness & Mutations

You are too large for most types of armour.
You have a pair of small horns on your head.
You have tough skin. (AC +1)
You gain doubled healing and magic from potions.
Whenever you drink a healing potion, you attack all around you.


Message History

You kill the adder!
You feel sick.
Your Armour skill increases to level 1!
You feel sick.
You feel sick.
Unknown command.
You feel sick.
You are no longer poisoned.
There is a stone staircase leading down here.
Found a sand-covered staircase.
l - a sedimented amethyst potion
There are no items here.
There is a sand-covered staircase here.
The world spins around you as you enter the gateway.
You enter an ossuary!
Found a gate leading back out of this place.
There is an empty arch of ancient stone here.
There is nothing on the other side of the stone arch.
There is a gate leading back out of this place here.
You open the door.
A jackal zombie and a gnoll zombie come into view.
There is an open door here.
The scorpion zombie hits you.
You barely miss the scorpion zombie. The scorpion zombie hits you.
You hit the mummy.
The mummy is moderately damaged.
You hit the mummy but do no damage.
The mummy is moderately damaged.
The scorpion zombie hits you. The mummy hits you.
You hit the mummy. You headbutt the mummy.
The mummy is severely damaged.
The scorpion zombie hits you.
The jackal zombie bites you but does no damage.
The mummy hits you but does no damage. The mummy hits you!
* * * LOW HITPOINT WARNING * * *
You hit the mummy.
The mummy is almost destroyed.
The jackal zombie bites you but does no damage.
The scorpion zombie closely misses you. The mummy hits you!
You die... ####### #.#.#.# #.....# #...# #.∩.# #...# #ZMM#

#.@.#
##Z##
#.Z.#
#...#
.....
##...##
#...#
#...#
.....


You could see 2 mummies, a jackal zombie, a scorpion zombie and a gnoll zombie.

Vanquished Creatures
  An adder (D:4)
  6 ball pythons
  3 endoplasms (D:1)
  4 giant cockroaches (D:1)
  A goblin (D:1)
  5 hobgoblins (D:1)
  2 kobolds (D:1)
  A quokka (D:1)
  3 bats (D:1)
  A frilled lizard (D:1)
  A rat (D:1)
28 creatures vanquished.

Notes
Turn   | Place    | Note
-------+----------+-------------------------------------------
     0 | D:1      | Couri the Oni Warper began the quest for the Orb.
     0 | D:1      | Reached XP level 1. HP: 22/22 MP: 3/3
   258 | D:1      | Reached skill level 3 in Fighting
   359 | D:1      | Reached XP level 2. HP: 31/31 MP: 5/5
   785 | D:1      | Reached XP level 3. HP: 35/37 MP: 6/6
  1117 | D:2      | You fall into a shaft and drop 2 floors!
  1186 | D:4      | Reached skill level 1 in Armour
  1191 | D:4      | Found a sand-covered staircase.
  1205 | Ossuary  | Entered an ossuary
  1217 | Ossuary  | Mangled by a mummy

Illustrated notes

Levels and vault maps discovered:
D:1:      nicolae_arrival_somewhat_less_tricky_arrival, layout_loops_ring,
          kennysheep_pointless_box
D:2:      minmay_door_path, layout_rooms,
          dreamdust_ecumenical_altar_hidden_monk_grotto
D:4:      layout_cave_pods, minmay_temple_entry_tees, enter_ossuary_1
Ossuary:  ossuary_minmay_chase

Skill      XL: |  1  2  3 |
---------------+----------+-----
Fighting       | 3 |  3.8
Armour         | 1 |  1.0
Maces & Flails | |  2.8
Throwing       | |  1.0
Dodging        | |  2.1
Spellcasting   | |  2.4
Translocations | |  2.6

Action                     || total
---------------------------++-------
  Melee: Mace              ||    83
         Headbutt          ||     8
 Armour: Robe              ||    73
  Dodge: Dodged            ||    50
